Map: Rhoskallian LE

Players

wadasdawd - Winner!

  • Race: Terran Terran
  • Spawn Location: 12:00

liltrump - Winner!

  • Race: Terran Terran
  • Spawn Location: 11:00

MattBarry

  • Race: Terran Terran
  • Spawn Location: 6:00

MattBarry

  • Race: Zerg Zerg
  • Spawn Location: 5:00

VOD

Have the link to the VOD?

Description

Time

  • Played on: Jan. 4, 2023, 3:22 a.m.
  • Length: 10:46
Show
View Real Time Build Order
Export as new Build Order

wadasdawd Terran - Winner!

Build Orders:  

Get SALT Encoding   

  12  0:00  SCV  
  13  0:12  SCV  
  14  0:25  SCV  
  14  0:26  Supply Depot  
  15  0:52  Barracks  
  15  0:56  Refinery  
  15  1:03  Barracks  
  15  1:12  SCV  
  16  1:19  Refinery  
  16  1:24  SCV  
  17  1:27  Supply Depot  
  17  1:37  Supply Depot, SCV  
  18  1:42  Barracks Tech Lab  
  18  1:51  SCV  
  18  1:52  Barracks Reactor  
  19  2:03  SCV  
  20  2:15  SCV  
  21  2:23  Factory  
  21  2:39  Command Center  
  21  2:46  SCV  
  21  2:49  Stimpack  
  22  2:58  Supply Depot  
  22  3:10  SCV  
  23  3:13  Factory Tech Lab  
  23  3:22  SCV  
  23  3:23  Marine  
  23  3:24  Marine  
  23  3:26  Marine  
  27  3:33  Siege Tank  
  30  3:40  SCV  
  31  3:55  Marine  
  32  3:56  Marine x2  
  32  4:01  Engineering Bay  
  34  4:08  Widow Mine  
  36  4:14  Starport, Marine x2  
  38  4:24  SCV  
  39  4:35  Terran Infantry Weapons Level 1  
  39  4:36  SCV  
  40  4:39  Marine x2  
  40  4:40  SCV  
  43  4:48  SCV  
  43  4:49  Combat Shield  
  43  4:51  Starport Reactor  
  44  4:55  SCV  
  44  4:58  Refinery  
  45  5:00  SCV  
  45  5:06  Marine  
  45  5:07  Marine  
  48  5:25  Barracks  
  48  5:32  Medivac x2, Engineering Bay  
  48  5:34  Marine x2  
  54  5:39  Marauder  
  56  5:47  SCV  
  56  5:48  SCV  
  58  5:59  Terran Infantry Armor Level 1, SCV  
  58  6:00  SCV, Marauder  
  62  6:28  Supply Depot  
  62  6:31  Supply Depot  
  62  6:42  Barracks Reactor  
  62  6:47  Orbital Command  
  62  6:50  Marine x3, SCV, Medivac x2  
  62  6:52  Supply Depot  
  62  6:53  Refinery  
  70  6:55  Supply Depot  
  70  7:02  SCV  
  70  7:06  Supply Depot  
  71  7:08  Supply Depot  
  71  7:14  Marine x2, SCV  
  74  7:20  Armory  
  74  7:26  SCV  
  75  7:32  Marine  
  76  7:38  SCV  
  77  7:51  Marine x5  
  77  7:54  SCV  
  77  7:57  Command Center  
  83  8:06  SCV  
  84  8:19  SCV  
  85  8:27  Marine x2  
  85  8:28  Marine x3  
  85  8:32  Medivac x2  
  94  8:36  Siege Tank  
  97  8:45  Marine x3  
  97  8:46  Marine  
  101  8:54  Supply Depot  
  101  8:59  Supply Depot  
  101  9:01  Supply Depot  
  101  9:18  Supply Depot  
  101  9:27  Medivac x2  
  102  9:57  Medivac  
  87  10:03  Marine x5  
  89  10:21  Marine x5  
Show
View Real Time Build Order
Export as new Build Order

liltrump Terran - Winner!

Build Orders:  

Get SALT Encoding   

  12  0:00  SCV  
  13  0:13  SCV  
  14  0:18  Supply Depot  
  14  0:25  SCV  
  15  0:40  SCV  
  15  0:41  Barracks  
  16  0:47  Refinery  
  16  0:52  SCV  
  17  1:04  SCV  
  18  1:16  SCV  
  19  1:30  Marine  
  20  1:34  Orbital Command  
  20  1:44  Command Center  
  20  1:56  Barracks Reactor  
  20  1:58  Supply Depot  
  20  2:02  SCV  
  21  2:22  Bunker  
  21  2:28  Factory  
  21  2:34  Marine x2  
  22  2:41  SCV  
  22  2:43  Refinery  
  23  2:52  Marine x2  
  23  2:57  SCV  
  26  3:02  Orbital Command  
  26  3:09  SCV  
  26  3:10  Marine x2  
  29  3:13  Starport, Factory Tech Lab  
  29  3:25  SCV  
  30  3:28  Marine x2, SCV  
  33  3:37  SCV  
  34  3:50  Marine x2, Medivac  
  34  3:51  Siege Tank  
  41  3:58  SCV x2  
  43  4:10  Marine, SCV x2  
  46  4:20  Supply Depot, Marine  
  47  4:25  Medivac  
  49  4:35  SCV x2  
  51  4:40  Refinery  
  51  4:42  Refinery  
  51  4:44  Supply Depot  
  51  4:46  Engineering Bay  
  51  4:47  SCV x2  
  53  4:56  Barracks  
  53  4:59  SCV x2  
  55  5:09  Supply Depot  
  55  5:11  SCV  
  55  5:12  SCV  
  55  5:14  Starport Reactor  
  57  5:15  Siege Tank  
  57  5:16  Marine x2  
  62  5:23  SCV  
  62  5:24  SCV  
  62  5:26  Missile Turret  
  62  5:27  Terran Infantry Weapons Level 1  
  64  5:34  Marine  
  65  5:36  SCV x2  
  66  5:48  SCV  
  67  5:50  Marine  
  67  5:51  Siege Tank  
  67  5:53  Marine  
  67  5:56  Barracks Tech Lab  
  72  5:59  SCV  
  72  6:00  Barracks  
  66  6:14  Marine x3  
  66  6:17  SCV  
  70  6:19  Missile Turret  
  70  6:22  Medivac x2  
  70  6:23  SCV  
  75  6:29  SCV  
  75  6:30  Stimpack  
  75  6:31  Supply Depot  
  75  6:32  Marine x2  
  78  6:43  Command Center  
  78  6:50  Barracks Reactor  
  78  6:53  Viking x2, SCV x2  
  84  6:56  Supply Depot  
  84  7:04  Supply Depot  
  84  7:12  SCV  
  85  7:24  Supply Depot  
  85  7:31  Missile Turret, Viking  
  85  7:34  Marine x3  
  85  7:36  Marine x2  
  92  7:44  SCV x2  
  94  7:52  Marine x3  
  94  7:56  SCV  
  98  8:16  Marine x2  
  90  8:28  Command Center  
  80  8:43  Marine x2  
  79  8:48  Siege Tank  
  79  8:52  SCV x2  
  79  8:53  Armory  
  79  8:54  Factory  
  81  9:04  SCV x2  
  81  9:05  Marine x3  
  86  9:10  Combat Shield  
  86  9:15  Marine x2  
  86  9:16  SCV  
  89  9:20  Viking x2  
  89  9:22  Marine  
  94  9:24  SCV  
  94  9:28  SCV  
  96  9:37  Refinery  
  95  9:40  Refinery  
  95  9:41  Missile Turret  
  95  9:43  Missile Turret, Marine x3  
  95  9:44  Marine  
  95  9:45  Factory Tech Lab, Siege Tank  
  102  9:48  Missile Turret  
  100  10:03  Marine x2  
  100  10:04  Siege Tank  
  100  10:06  Marine x2  
  107  10:10  SCV x2  
  107  10:13  Supply Depot, Orbital Command  
  111  10:22  SCV  
  111  10:23  SCV  
Show
View Real Time Build Order
Export as new Build Order

MattBarry Terran 

Build Orders: 2 Factory, Gas First Reaper Expand, Mech 

Get SALT Encoding   

  12  0:00  SCV  
  13  0:12  SCV  
  14  0:17  Supply Depot  
  14  0:24  SCV  
  15  0:29  Refinery  
  15  0:39  SCV  
  16  0:45  Barracks  
  16  0:51  SCV  
  17  1:04  SCV  
  18  1:16  SCV  
  18  1:18  Supply Depot  
  19  1:32  Orbital Command  
  19  1:33  Reaper  
  20  1:55  Command Center  
  20  1:58  SCV  
  21  2:05  Reaper  
  22  2:10  SCV  
  23  2:22  SCV  
  24  2:23  Supply Depot  
  24  2:34  SCV  
  24  2:36  Refinery  
  25  2:39  Barracks Tech Lab  
  25  2:43  Factory  
  25  2:54  SCV  
  26  3:04  Marine  
  27  3:09  Orbital Command  
  27  3:16  SCV  
  28  3:27  Factory  
  28  3:34  Orbital Command  
  28  3:41  Barracks Reactor  
  28  3:42  SCV  
  29  3:50  Siege Tank  
  32  3:55  Starport  
  32  3:58  SCV  
  32  4:00  SCV  
  34  4:10  SCV, Engineering Bay  
  34  4:12  SCV  
  36  4:26  SCV x2  
  36  4:29  Hellion x2  
  40  4:32  Widow Mine  
  40  4:34  Starport Reactor  
  43  4:38  SCV x2  
  43  4:41  Supply Depot  
  43  4:42  Supply Depot  
  44  4:50  SCV x2, Hellion x2  
  44  4:51  Missile Turret  
  50  4:56  Missile Turret  
  50  5:02  SCV x2  
  50  5:04  Armory  
  52  5:10  Siege Tank  
  52  5:12  Liberator  
  58  5:15  SCV x2  
  58  5:17  Refinery  
  58  5:19  Refinery  
  60  5:25  Supply Depot  
  60  5:26  Hellion  
  60  5:27  SCV x2, Hellion  
  58  5:55  Hellion x2, Siege Tank  
  65  6:26  Missile Turret  
  65  6:29  Missile Turret  
  65  6:32  Starport Reactor  
  65  6:34  Hellion x2  
  69  6:48  Hellion  
  69  6:50  Factory  
  71  6:54  Infernal Pre-Igniter  
  71  6:56  Hellion x2  
  75  7:01  Terran Vehicle Weapons Level 1  
  75  7:03  SCV x2  
  77  7:09  Command Center  
  77  7:15  SCV  
  78  7:23  Supply Depot x2  
  78  7:27  Supply Depot  
  78  7:33  Liberator, SCV x2, Siege Tank  
  78  7:34  Hellion x2  
  90  7:45  SCV x2  
  90  7:50  Viking  
  94  7:57  Widow Mine x2, SCV x2  
  102  8:05  Widow Mine  
  85  8:12  SCV  
  65  8:50  Siege Tank, Hellion x2  
  65  9:25  Command Center  
  65  9:26  Command Center  
  40  9:45  Siege Tank, Hellion x2  
  40  10:06  Hellion  
  40  10:07  Hellion  
  44  10:11  Factory  
Show
View Real Time Build Order
Export as new Build Order

MattBarry Zerg 

Build Orders: Hatch First 

Get SALT Encoding   

  12  0:00  Drone  
  13  0:13  Overlord  
  13  0:18  Drone  
  14  0:38  Drone x3  
  17  1:02  Drone  
  18  1:04  Hatchery  
  18  1:05  Drone  
  18  1:10  Extractor  
  17  1:19  Spawning Pool  
  17  1:25  Drone  
  17  1:27  Drone  
  18  1:46  Drone  
  19  1:57  Overlord  
  19  1:58  Drone  
  20  2:05  Evolution Chamber  
  20  2:06  Queen  
  21  2:09  Zergling x2  
  22  2:16  Queen  
  22  2:18  Drone x2  
  26  2:25  Metabolic Boost  
  26  2:31  Zergling x2  
  26  2:32  Zergling x2  
  28  2:55  Roach Warren  
  27  3:04  Drone  
  27  3:05  Drone x5  
  33  3:16  Overlord  
  33  3:22  Lair  
  33  3:28  Zerg Melee Weapons Level 1  
  32  3:37  Zergling x2  
  32  3:38  Zergling x4, Drone x2  
  32  3:39  Drone  
  38  3:55  Extractor  
  37  4:09  Drone x4  
  41  4:19  Queen  
  41  4:21  Hatchery  
  41  4:23  Drone x4  
  44  4:26  Overlord  
  44  4:27  Overlord  
  44  4:50  Roach x5  
  44  4:52  Pneumatized Carapace  
  54  5:11  Infestation Pit  
  53  5:17  Drone x2  
  53  5:18  Drone x4  
  59  5:26  Evolution Chamber  
  58  5:46  Ravager x2  
  58  5:48  Zergling x2  
  61  5:52  Zergling x6  
  61  5:53  Zergling x4  
  60  6:19  Glial Reconstitution  
  60  6:24  Overlord x4  
  60  6:29  Hive  
  60  6:38  Overseer  
  60  6:42  Queen  
  62  6:48  Extractor  
  62  6:50  Extractor  
  62  6:51  Spore Crawler  
  62  6:52  Spore Crawler  
  58  6:55  Spore Crawler  
  58  6:56  Spore Crawler  
  58  6:59  Spore Crawler, Drone  
  58  7:00  Drone x2  
  58  7:03  Roach x4  
  66  7:20  Queen  
  68  7:24  Hatchery  
  67  7:34  Drone x2, Overlord x2  
  67  7:36  Zergling x2, Drone x3  
  74  7:37  Zergling x2  
  74  7:39  Zerg Ground Armor Level 1  
  74  7:40  Zerg Missile Weapons Level 1  
  74  7:50  Overlord x2  
  74  7:51  Overlord  
  74  8:17  Roach  
  74  8:18  Roach x5  
  85  8:48  Spire  
  85  8:55  Hydralisk Den  
  83  8:59  Hydralisk Den  
  82  9:14  Drone  
  82  9:15  Drone x8  
  91  9:21  Ravager x5  
  96  9:24  Overlord  
  96  9:25  Overlord x2  
  96  9:30  Grooved Spines  
  96  9:31  Muscular Augments  
  75  10:03  Zergling x2  
  75  10:04  Zergling x36  
  75  10:05  Zergling x14  
Tags
 
Add a new tag
Caveats
  • Supply blocks, unpowered buildings, or Contaminate may cause inaccurate times.
  • Supply counts are checked every 10 seconds.